[Event "*** Titled Tuesday Blitz"]
[Site "Chess.com"]
[Date "2020.03.03"]
[Round "8"]
[White "MathiasWomacka"]
[Black "ChelsieMonica"]
[Result "1-0"]
[WhiteElo "2385"]
[BlackElo "2142"]
[TimeControl "180+1"]
[EndTime "10:29:13 PST"]
[Termination "MathiasWomacka won by checkmate"]

1. e4 e5 2. Nf3 Nc6 3. Bc4 Be7 4. O-O Nf6 5. d3 O-O 6. Re1 d6 7. a4 Be6 8. Bxe6 fxe6 9. c3 Qe8 10. Nbd2 Nh5 11.
d4 Nf4 12. dxe5 Nd3 13. Rf1 Ndxe5 14. Nxe5 Nxe5 15. Qb3 Qc8 16. f4 Nc6 17. Nf3 Kh8 18. Be3 Na5 19. Qb5 b6 20. b4 a6 21. Qd3 Nc6 22. e5 d5 23. h4 d4 24. Nxd4 Nxd4 25. Bxd4 Bxh4 26. Rf3 c5 27. Be3 Rd8 28. Qe4 Ra7 29.
Rh3 cxb4 30. Rxh4 g6 31. cxb4 Qc3 32. Rf1 Rg7 33. Bxb6 Rd2 34. Bc5 h5 35. Rh3 Qb2 36.
Rg3 Kh7 37. Rg5 Re2 38. Qd3 Kh6 39. Bd6 Rd2 40. Qf3 Qd4+ 41. Kh2 Rd3 42. Qf2 Qe4 43. Bf8 Kh7 44. Bxg7 Kxg7 45. Re1 Qb7 46. Qe2 Rd4 47. b5 Rxf4 48. bxa6 Rh4+ 49. Kg1 Qa8 50. Qd3 Kh6 51. Qxg6# 1-0

[Event "*** Titled Tuesday Blitz"]
[Site "Chess.com"]
[Date "2020.03.03"]
[Round "8"]
[White "vovachesss"]
[Black "sganerdene"]
[Result "1-0"]
[WhiteElo "2578"]
[BlackElo "2680"]
[TimeControl "180+1"]
[EndTime "10:29:15 PST"]
[Termination "vovachesss won by checkmate"]

1. Nf3 Nf6 2. b3 g6 3. Bb2 Bg7 4. e3 O-O 5. d4 d6 6. Be2 a5 7.
O-O c6 8. c4 a4 9. bxa4 Qa5 10. Nc3 Nbd7 11. Qb3 Nb6 12. Bd1 Bf5 13.
Nd2 Bd3 14. Re1 Qa6 15. c5 dxc5 16. dxc5 Nbd7 17. Qb4 Qa7 18. Nb3 Rfd8 19. Be2 Bxe2 20. Rxe2 Ne5 21. a5 Nd3 22. Qc4 Nxb2 23. Rxb2 Nd5 24.
Nxd5 cxd5 25. Qc2 Bxb2 26. Qxb2 Qa6 27. Rd1 Rac8 28. h3 Qb5 29. Qe5 Qc6 30. Qxe7 Re8 31.
Qh4 Re4 32. Qg5 Ra4 33. Rxd5 Rxa2 34. Rd6 Qb5 35. Rb6 Qd7 36. h4 Rb2 37. h5 Rxb3 38.
Rd6 Qf5 39. Rd8+ Rxd8 40. Qxd8+ Kg7 41. h6+ Kxh6 42. Qf8+ Kh5 43. f3 Rxe3 44. g4+ Kg5 45.
gxf5 Rxf3 46. Qd6 Rxf5 47. Qe7+ f6 48. Qxb7 Rxc5 49. a6 Ra5 50. a7 Ra1+ 51. Kf2 Ra2+ 52.
Ke3 Ra3+ 53. Kd2 Ra2+ 54. Kc3 Ra3+ 55. Kb2 Ra5 56. a8=Q Rxa8 57. Qxa8 h5 58. Kc2 Kg4 59. Kd2 Kg3 60. Ke2 f5 61. Qf3+ Kh4 62. Qf4+ Kh3 63.
Kf2 h4 64. Qf3+ Kh2 65. Qg2# 1-0

[Event "*** Titled Tuesday Blitz"]
[Site "Chess.com"]
[Date "2020.03.03"]
[Round "8"]
[White "ronaldbrizuela"]
[Black "ural58"]
[Result "0-1"]
[WhiteElo "2622"]
[BlackElo "2428"]
[TimeControl "180+1"]
[EndTime "10:29:16 PST"]
[Termination "ural58 won on time"]

1. d4 d5 2. c4 e5 3. dxe5 d4 4. a3 Nc6 5. Nf3 g6 6. e3 Bg4 7. exd4 Bxf3 8. gxf3 Qxd4 9. Qe2 Qxe5 10. Nc3 Bg7 11. Be3 O-O-O 12. f4 Qxc3+ 13. bxc3 Bxc3+ 14. Bd2 Rxd2 15. Qxd2 Bxd2+ 16. Kxd2 Nge7 17. Bg2 Rd8+ 18. Kc3 Rd4 19. f5 Rf4 20. fxg6 hxg6 21. Rhf1 Ne5 22. Rae1 Rxc4+ 23. Kb3 Rc5 24. f4 N5c6 25.
Bxc6 Nxc6 26. Rd1 Rf5 27. Rfe1 b6 28. Re4 Na5+ 29. Kb4 Kb7 30. Rd7 Rh5 31. Ree7 Nc6+ 32. Kc4 Nxe7 33. Rxe7 Rxh2 34. Rxf7 Rh3 35. a4 a5 36. Rf6 Ra3 37. Kd5 Rxa4 38. Ke5 Ra1 39. Rxg6 a4 40. f5 a3 41. Kd4 a2 42. Kc3 Rc1+ 0-1

[Event "*** Titled Tuesday Blitz"]
[Site "Chess.com"]
[Date "2020.03.03"]
[Round "8"]
[White "MixMasterChess"]
[Black "Resignify"]
[Result "1-0"]
[WhiteElo "2104"]
[BlackElo "2221"]
[TimeControl "180+1"]
[EndTime "10:29:17 PST"]
[Termination "MixMasterChess won on time"]

1. e4 d6 2. d4 Nf6 3. Nc3 g6 4. f4 Bg7 5. Nf3 O-O 6. Be3 Nc6 7. Qd2 Ng4 8. Bg1 e5 9. d5 Nb8 10. h3 Nf6 11. fxe5 dxe5 12. Be3 Ne8 13. O-O-O Nd6 14. Bh6 Nd7 15. h4 Bxh6 16. Qxh6 Qf6 17. Qe3 Qf4 18. Qxf4 exf4 19. e5 Nf5 20. Bd3 Ne3 21. Rdg1 Nb6 22. Be4 Rd8 23. d6 cxd6 24. exd6 Rxd6 25. Nb5 Rd8 26. g3 fxg3 27. Rxg3 Ned5 28. Rd1 Be6 29. Bxd5 Rxd5 30. Rxd5 Nxd5 31. Ng5 a6 32. Nd6 Rb8 33. Nxe6 fxe6 34. Rf3 b5 35. Ne4 Rf8 36. Rd3 Rc8 37. c3 Nb4 38. Rd7 Nd5 39. Kd2 h6 40. Kd3 1-0

[Event "*** Titled Tuesday Blitz"]
[Site "Chess.com"]
[Date "2020.03.03"]
[Round "8"]
[White "GodDMuhammad"]
[Black "Alopekos"]
[Result "1-0"]
[WhiteElo "2357"]
[BlackElo "2434"]
[TimeControl "180+1"]
[EndTime "10:29:19 PST"]
[Termination "GodDMuhammad won by checkmate"]

1. f4 c5 2. Nf3 Nc6 3. g3 g6 4. Bg2 Bg7 5. d3 e6 6. c3 Nge7 7. e4 d6 8. O-O O-O 9. Be3 Rb8 10. Nbd2 b5 11. Qc2 a5 12. h3 b4 13. d4 bxc3 14.
bxc3 cxd4 15. cxd4 Nb4 16. Qd1 Ba6 17. Rf2 Nd3 18.
Qa4 Bb5 19. Qa3 Nxf2 20. Bxf2 Nc6 21. Rc1 Nb4 22. e5 Nd3 23. Rc3 Nxf2 24. Kxf2 dxe5 25. fxe5 Qd5 26. Rc5 Qd8 27. Ne4 Qb6 28. Nd6 Bd3 29. Qxd3 Qb2+ 30. Rc2 Qa1 31. g4 Rb1 32. Kg3 Bh6 33.
g5 Bg7 34. Qc3 Rfb8 35. Qxa5 h5 36. Qc7 Ra8 37. Qxf7+ Kh8 38. Rc7 Rg8 39. Nh4 Rg1 40. Nxg6+ Kh7 41. Nf4 Qe1+ 42. Kh2 Rxg2+ 43. Nxg2 h4 44.
Qh5# 1-0

[Event "*** Titled Tuesday Blitz"]
[Site "Chess.com"]
[Date "2020.03.03"]
[Round "8"]
[White "Danfii"]
[Black "Sashadav97"]
[Result "1-0"]
[WhiteElo "2409"]
[BlackElo "2545"]
[TimeControl "180+1"]
[EndTime "10:29:20 PST"]
[Termination "Danfii won by checkmate"]

1. e4 c5 2. Nf3 Nc6 3. d4 cxd4 4.
Nxd4 Nf6 5. Nc3 d6 6. Bg5 e6 7. Qd2 a6 8. O-O-O Bd7 9. f4 Be7 10. Nf3 b5 11. Bxf6 gxf6 12. Bd3 Qb6 13. f5 O-O-O 14.
Kb1 Ne5 15. Ne2 Rhg8 16. Nf4 d5 17. exd5 Nxf3 18. gxf3 e5 19. Ne2 Rg2 20. Be4 Be8 21. Qd3 Rf2 22. Rdf1 Kb8 23. Nc3 Bc6 24. Rxf2 Qxf2 25.
Rd1 Qxh2 26. a4 Qf2 27. axb5 axb5 28. Nxb5 Qc5 29. Nc3 Bb7 30. Qb5 Qxb5 31. Nxb5 h5 32. c4 h4 33. Rh1 Rh8 34. d6 Bd8 35. c5 Bxe4+ 36. fxe4 Kb7 37. b4 h3 38. Rh2 Kc6 39. Nc3 Rh4 40. Kc2 Rh5 41. Kd3 Rh4 42. Kc4 Kd7 43.
Kd5 Kc8 44. b5 Ba5 45. Na4 Bd2 46. c6 Ba5 47. d7+ Kc7 48. b6+ Bxb6 49. Nxb6 Rh8 50. Nc4 Rb8 51. Nd6 Ra8 52. Nxf7 Ra3 53. d8=Q# 1-0

[Event "*** Titled Tuesday Blitz"]
[Site "Chess.com"]
[Date "2020.03.03"]
[Round "8"]
[White "Bulldog167"]
[Black "Fandorine"]
[Result "0-1"]
[WhiteElo "2757"]
[BlackElo "2892"]
[TimeControl "180+1"]
[EndTime "10:29:21 PST"]
[Termination "Fandorine won on time"]

1. d4 Nf6 2. c4 g6 3. Nc3 Bg7 4. e4 d6 5. h3 O-O 6. Be3 Na6 7. g4 c6 8. Bg2 e5 9. Nge2 Nc7 10. O-O b6 11. Qd2 Nd7 12. Rfd1 c5 13. dxc5 dxc5 14. Qd6 Ne6 15. Nd5 Kh8 16. f4 exf4 17. Ndxf4 Ne5 18. Qd5 Rb8 19. Nc3 Qe8 20. Qd6 Nxc4 21. Qxb8 Nxe3 22. Nxe6 Bxe6 23. Qxe8 Rxe8 24. Rd3 Nc4 25. b3 Bd4+ 26.
Kh1 Ne5 27. Rg3 Bf2 28. Ne2 Bxg3 29. Nxg3 Rd8 30. Nf1 Kg7 31. Kg1 Rd3 32. Kf2 c4 33.
Ke2 a5 34. Nd2 cxb3 35. axb3 Rg3 36. Bf3 Rxh3 37. Rc1 Nxf3 38. Nxf3 Bxg4 0-1

[Event "*** Titled Tuesday Blitz"]
[Site "Chess.com"]
[Date "2020.03.03"]
[Round "8"]
[White "RitvarsReimanis"]
[Black "124chess"]
[Result "1-0"]
[WhiteElo "2629"]
[BlackElo "2478"]
[TimeControl "180+1"]
[EndTime "10:29:21 PST"]
[Termination "RitvarsReimanis won by resignation"]

1. d4 Nf6 2. c4 e6 3. Nf3 b6 4. g3 c6 5. Bg2 Be7 6. O-O O-O 7. Re1 d5 8. Nbd2 Bb7 9. e4 dxe4 10. Nxe4 Nxe4 11.
Rxe4 c5 12. Re1 Nc6 13. Be3 Nxd4 14. Nxd4 Bxg2 15. Kxg2 cxd4 16. Bxd4 Qc7 17. Qg4 g6 18. Bc3 Rfd8 19. Rad1 Rac8 20. b3 b5 21. Rxd8+ Rxd8 22. Be5 Qc6+ 23. Qf3 Qxf3+ 24. Kxf3 bxc4 25. bxc4 Rd2 26.
Re2 Rd3+ 27. Re3 Rd2 28. Rb3 f6 29. Rb7 Kf8 30. Bb8 Bc5 31. Bxa7 Rxf2+ 32. Ke4 Bxa7 33.
Rxa7 Rxh2 34. Kd4 h5 35. c5 Rc2 36. a4 g5 37. a5 h4 38. gxh4 g4 39. h5 g3 40. h6 Rh2 41. Rg7 Rh4+ 42. Kc3 Rxh6 43. Rxg3 Rh1 44. Kb4 Rb1+ 45. Rb3 Ra1 46. Ra3 Rb1+ 47.
Kc4 Ke7 48. a6 Rb8 49. a7 Ra8 50. Kb5 f5 51. Kb6 f4 52. Kb7 Rf8 53. a8=Q Rxa8 54. Rxa8 e5 55. c6 1-0

[Event "*** Titled Tuesday Blitz"]
[Site "Chess.com"]
[Date "2020.03.03"]
[Round "8"]
[White "KerryStead"]
[Black "Mikasinski"]
[Result "1-0"]
[WhiteElo "2131"]
[BlackElo "2230"]
[TimeControl "180+1"]
[EndTime "10:29:21 PST"]
[Termination "KerryStead won on time"]

1. d4 Nf6 2. f3 g6 3. e4 d6 4. Be3 Bg7 5. Qd2 O-O 6. Nc3 b6 7.
Bc4 Bb7 8. Nge2 Nbd7 9. g4 e5 10.
O-O-O exd4 11. Nxd4 Ne5 12. Be2 Re8 13. Rhg1 a6 14. g5 Nfd7 15. f4 Nc6 16. Nxc6 Bxc6 17. Bf3 Nc5 18. Bxc5 bxc5 19. Nd5 Rb8 20. c3 Ba4 21.
Rde1 Qd7 22. h4 c6 23. Ne3 Qb7 24. Rg2 Qc7 25. h5 d5 26. hxg6 hxg6 27. e5 c4 28. Ng4 Red8 29. Nf6+ Kf8 30. Rh1 Ke7 31. Rh7 Bf8 32.
Qf2 Qb6 33. Qxb6 Rxb6 34. Rgh2 d4 35. cxd4 Rxd4 36. Ne4 c5 37. Nxc5 Bb5 38. Ne4 Rxe4 39. Bxe4 1-0

[Event "*** Titled Tuesday Blitz"]
[Site "Chess.com"]
[Date "2020.03.03"]
[Round "8"]
[White "Roman_Ovetchkin"]
[Black "IMDT02"]
[Result "1-0"]
[WhiteElo "2637"]
[BlackElo "2480"]
[TimeControl "180+1"]
[EndTime "10:29:28 PST"]
[Termination "Roman_Ovetchkin won by resignation"]

1. d4 Nf6 2. c4 e6 3. Nf3 d5 4.
g3 Be7 5. Bg2 O-O 6. O-O dxc4 7.
Qc2 a6 8. a4 Bd7 9. Bg5 Nc6 10.
Qxc4 b5 11. Qc1 Rb8 12. axb5 axb5 13. Rd1 Nb4 14. Ne5 Be8 15. Ra7 c6 16. Rxe7 Qxe7 17. Ng4 h5 18. Nxf6+ gxf6 19. Bh6 Kh7 20. Bxf8 Qxf8 21.
Qf4 Ra8 22. Qxf6 Qg7 23. Qe7 Nd5 24. Be4+ Kh8 25. Qh4 Nf6 26. Bf3 Qg6 27. Nc3 b4 28. Ne4 Nxe4 29. Bxe4 f5 30. Bf3 Kg7 31. Qf4 Rd8 32.
Qc7+ Rd7 33. Qb6 h4 34. Bxc6 Re7 35. Qxb4 Qf7 36. Bxe8 Qxe8 37. d5 hxg3 38. hxg3 Rd7 39. Qd4+ Kg6 40. d6 Qd8 41. e4 Qg5 42. exf5+ exf5 43. Qe5 Qf6 44. Qe8+ Rf7 45. d7 1-0

[Event "*** Titled Tuesday Blitz"]
[Site "Chess.com"]
[Date "2020.03.03"]
[Round "8"]
[White "AleksanderHnydiuk"]
[Black "Peroncio"]
[Result "1-0"]
[WhiteElo "2569"]
[BlackElo "2642"]
[TimeControl "180+1"]
[EndTime "10:29:29 PST"]
[Termination "AleksanderHnydiuk won by resignation"]

1. d4 Nf6 2. Nf3 e6 3. c4 Bb4+ 4. Bd2 a5 5. g3 b6 6. Bg2 Bb7 7.
O-O O-O 8. Nc3 d6 9. Qc2 Nbd7 10. Rfe1 Bxc3 11. Bxc3 Be4 12. Qd1 Qe7 13. Bh3 e5 14. Nd2 Bg6 15. e4 exd4 16. Bxd4 Ne5 17. Qc2 Nfd7 18. f4 Nc6 19. Bc3 Bh5 20. Kg2 Nf6 21. Bxf6 Qxf6 22. g4 Qxf4 23. gxh5 Ne5 24. Rf1 Qg5+ 25.
Kh1 Qxh5 26. Qc3 g6 27. Qg3 Rae8 28. Rae1 Qh6 29. Re2 Nc6 30. Nf3 Re7 31. Bg2 Rfe8 32. Qg5 Qg7 33. Nh4 Re5 34. Qg3 Nd4 35. Ref2 Rh5 36.
Nf3 Nc6 37. Ng5 Ne5 38. Bf3 Rh6 39. Be2 Qf8 40. Qf4 Re7 41. Nf3 f6 42. Nxe5 dxe5 43.
Qxf6 Qxf6 44. Rxf6 Rh3 45. c5 Re3 46. Bc4+ Kg7 47.
Rf7+ Rxf7 48. Rxf7+ Kh6 49. c6 Rxe4 50. Bb5 Rb4 51.
a4 e4 52. Rxc7 Rxb2 53. Re7 Rc2 54. Rxe4 Kg5 55. Rc4 1-0

[Event "*** Titled Tuesday Blitz"]
[Site "Chess.com"]
[Date "2020.03.03"]
[Round "8"]
[White "Keaton87"]
[Black "Mikhail_Golubev"]
[Result "1/2-1/2"]
[WhiteElo "2647"]
[BlackElo "2529"]
[TimeControl "180+1"]
[EndTime "10:29:29 PST"]
[Termination "Game drawn by repetition"]

1. d4 Nf6 2. Bg5 Ne4 3. Bf4 c5 4. f3 Qa5+ 5. c3 Nf6 6. d5 Qb6 7. e4 Qxb2 8. Nd2 Nh5 9. Rb1 Qxc3 10. Bc7 g6 11. Ne2 Qf6 12. Nc4 Bg7 13. Qa4 Qa6 14. Qb3 b5 15. Qxb5 Qxb5 16. Rxb5 Ba6 17. Rxb8+ Rxb8 18. Bxb8 Bxc4 19. Bxa7 d6 20. g4 Nf6 21. a4 Kd7 22.
Bb6 Rb8 23. a5 Kc8 24. Nc3 Bxf1 25. Rxf1 Nxg4 26. Nb5 Ne5 27. Ke2 Nc4 28. Na7+ Kd7 29. Nc6 Rb7 30. Rb1 Nxb6 31. Rxb6 Rxb6 32. axb6 Kc8 33.
Nxe7+ Kb7 34. Kd3 Kxb6 35. Kc4 Bf6 36. Nc8+ Kc7 37. Na7 Be5 38. h3 h5 39. Nb5+ Kb6 40.
Na3 f6 41. Nc2 Ka6 42. Ne1 Kb6 43. Nd3 g5 44. Nf2 Kc7 45. Nd1 Kb6 46. Ne3 Kc7 47.
Nf5 Kb6 48. Ng7 h4 49. Nf5 Ka6 50. Ne7 Kb6 51. Nc8+ Ka6 52. Ne7 Kb6 53. Nf5 Ka6 54. Ne3 Kb6 55. Nc2 Ka6 56. Na3 Kb6 57. Nb5 Ka6 58. Nc7+ Kb6 59. Ne6 Ka6 60. Ng7 Kb6 61. Nf5 1/2-1/2

[Event "*** Titled Tuesday Blitz"]
[Site "Chess.com"]
[Date "2020.03.03"]
[Round "8"]
[White "yoolund"]
[Black "MaxLeto"]
[Result "0-1"]
[WhiteElo "2592"]
[BlackElo "2420"]
[TimeControl "180+1"]
[EndTime "10:29:30 PST"]
[Termination "MaxLeto won by resignation"]

1. d4 d5 2. c4 c6 3. Nc3 Nf6 4. e3 g6 5. Nf3 Bg7 6. h3 O-O 7. Bd3 Bf5 8. Bxf5 gxf5 9. Qd3 e6 10. g4 dxc4 11. Qxc4 fxg4 12. hxg4 Nxg4 13. Bd2 Nd7 14. Qe2 e5 15. O-O-O f5 16. Rdg1 e4 17. Nh4 Qg5 18. Nxe4 fxe4 19. Rxg4 Qd5 20. Rhg1 Rf7 21. Rg5 Qxa2 22.
Qg4 Qa1+ 23. Kc2 Qa4+ 24. Kb1 Kh8 25. Rxg7 Nf6 26. Qg5 Qc4 27. Rxf7 Qxf7 28. Qe5 Re8 29. Qf5 Qe7 30. d5 Nxd5 31. Ng6+ hxg6 32. Qxg6 Qh7 33. Rh1 Qxh1+ 34. Ka2 Qh7 35. Qg5 Qg7 36. Bc3 Nxc3+ 37. bxc3 Qxg5 38. Kb3 Qc5 0-1

[Event "*** Titled Tuesday Blitz"]
[Site "Chess.com"]
[Date "2020.03.03"]
[Round "8"]
[White "Nalatac"]
[Black "Quiet_Desperation"]
[Result "1-0"]
[WhiteElo "2280"]
[BlackElo "2052"]
[TimeControl "180+1"]
[EndTime "10:29:30 PST"]
[Termination "Nalatac won on time"]

1. d4 Nf6 2. c4 e6 3. Nf3 Bb4+ 4. Bd2 Qe7 5. g3 Nc6 6. Nc3 O-O 7. Bg2 Bxc3 8.
Bxc3 Ne4 9. Rc1 Nxc3 10. Rxc3 d6 11. d5 Nb8 12. O-O e5 13. Qc2 a5 14. c5 Na6 15.
cxd6 cxd6 16. Nd2 f5 17. Nc4 Qd8 18. Qb3 Nc5 19. Qb6 Qxb6 20. Nxb6 Ra6 21. Nc4 b5 22. Nd2 a4 23. a3 Bd7 24. Nf3 Re8 25. Rfc1 h6 26.
e3 g5 27. h4 g4 28. Ne1 Raa8 29.
Nc2 Nb3 30. Rd1 Rac8 31. Rdd3 e4 32. Rxc8 Rxc8 33. Rc3 Rxc3 34. bxc3 Nc5 35. Bf1 Kf7 36.
Nd4 Nd3 37. Bxd3 exd3 38. Kf1 Kf6 39. f4 gxf3 40. Nxf3 1-0

[Event "*** Titled Tuesday Blitz"]
[Site "Chess.com"]
[Date "2020.03.03"]
[Round "8"]
[White "floplover"]
[Black "riconaipe"]
[Result "1-0"]
[WhiteElo "2349"]
[BlackElo "2575"]
[TimeControl "180+1"]
[EndTime "10:29:31 PST"]
[Termination "floplover won by resignation"]

1. d4 e6 2. c4 d5 3. Nc3 Bb4 4. Nf3 Ne7 5. cxd5 exd5 6. Bf4 c6 7. e3 O-O 8. Bd3 Bf5 9. O-O Nd7 10. Qc2 Bxd3 11. Qxd3 Ng6 12. Bg3 Re8 13. a3 Ba5 14. Rac1 Nf6 15. b4 Bc7 16. Bxc7 Qxc7 17. b5 Qd6 18.
bxc6 bxc6 19. Na4 Ne4 20. Nc5 Rab8 21. Nd2 f5 22. Ndxe4 fxe4 23. Qa6 Nh4 24. Qxa7 Qg6 25. g3 Nf3+ 26. Kg2 Rb2 27. Rb1 Nh4+ 28. Kh1 Qf5 29.
gxh4 Qf3+ 30. Kg1 Qg4+ 31. Kh1 Qh3 32. Qd7 Qf3+ 33. Kg1 Rbb8 34. Rb7 Qf6 35. Rxb8 Rxb8 36. Qe6+ Qxe6 37. Nxe6 Ra8 38. Rc1 Ra6 39. Nd8 Rxa3 40. Nxc6 Kf7 41. Ne5+ Ke6 42. Rc7 Kf5 43. Rxg7 h6 44. Kg2 Ra1 45. Rh7 Rb1 46. Rd7 Ke6 47. Ra7 Kf5 48. h5 Ke6 49. Ra6+ Kf5 50. Rxh6 Rg1+ 51. Kxg1 Kg5 1-0

[Event "*** Titled Tuesday Blitz"]
[Site "Chess.com"]
[Date "2020.03.03"]
[Round "8"]
[White "mrkvoz"]
[Black "Shield12"]
[Result "1-0"]
[WhiteElo "2785"]
[BlackElo "2880"]
[TimeControl "180+1"]
[EndTime "10:29:37 PST"]
[Termination "mrkvoz won by resignation"]

1. e4 c5 2. Nc3 Nc6 3. Bb5 Nd4 4. Nf3 a6 5. Bd3 Nc6 6. O-O g6 7. a4 Bg7 8. Bc4 e6 9. d3 Nge7 10. Bg5 h6 11. Be3 d5 12. exd5 exd5 13. Nxd5 Nxd5 14. Bxc5 Be6 15. Re1 Qd7 16. c3 O-O-O 17. d4 Rhe8 18. Bf1 Bg4 19. Rxe8 Rxe8 20. h3 Bf5 21. Nd2 Bf8 22. Nc4 Bxc5 23. dxc5 Kb8 24. Nd6 Re5 25. Qd2 Nf6 26. Qxh6 Ka7 27. b4 Ne4 28. b5 Nxd6 29. bxc6 Qxc6 30. cxd6 Qxd6 31. Qf4 Qc5 32. c4 Re4 33. Qd2 Be6 34. Rc1 g5 35. Be2 Rf4 36. Qe3 Qxe3 37. fxe3 Re4 38. Kf2 a5 39. Bd3 Re5 40.
e4 Bd7 41. Ra1 Kb6 42. Rb1+ Kc7 43. Ke3 Bxa4 44. Kd4 Re7 45. Ra1 Bc6 46. Rxa5 f6 47. Rf5 Re6 48. g3 Kd6 49. h4 gxh4 50. gxh4 Ke7 51. e5 Kf7 52. Rxf6+ Rxf6 53. exf6 Kxf6 54.
Be4 1-0

[Event "*** Titled Tuesday Blitz"]
[Site "Chess.com"]
[Date "2020.03.03"]
[Round "8"]
[White "mortngabriel"]
[Black "Ginger_GM"]
[Result "0-1"]
[WhiteElo "2396"]
[BlackElo "2581"]
[TimeControl "180+1"]
[EndTime "10:29:38 PST"]
[Termination "Ginger_GM won on time"]

1. d4 e6 2. Nc3 d5 3. e4 Nf6 4. e5 Nfd7 5. f4 c5 6. Nf3 Nc6 7. Be3 Be7 8. Qd2 O-O 9. dxc5 Qa5 10.
Nb5 Qxd2+ 11. Kxd2 Nxc5 12. Bd3 Bd7 13. Nbd4 f6 14.
c3 a5 15. Rhe1 Rad8 16. Rad1 f5 17. h3 Ne4+ 18. Kc2 Rc8 19. Kb1 Rb8 20. g4 g6 21.
Nb5 Kh8 22. g5 h5 23. c4 Nb4 24. Bxe4 fxe4 25. Nh4 Kg7 26. Nc3 Bc6 27. Re2 Nd3 28. Bd4 Nxf4 29. Rh2 Bxg5 30. Ng2 Kh6 31. Nxf4 Bxf4 32.
Rg2 g5 33. cxd5 exd5 34. h4 g4 35. e6 Rbe8 36. Ne2 Bc7 37. Bc5 Rf6 38. e7 b6 39. Bd4 Rf7 40. Ng3 Rexe7 41. Rc1 Bxg3 42. Rxg3 Bd7 43. Re3 Rf3 44. a3 Ref7 45. Rc7 Kg6 46.
Ka2 g3 47. Rxf3 exf3 48. Rc1 Kf5 0-1

[Event "*** Titled Tuesday Blitz"]
[Site "Chess.com"]
[Date "2020.03.03"]
[Round "8"]
[White "Oleksandr_Bortnyk"]
[Black "Sankalp_Gupta2003"]
[Result "1/2-1/2"]
[WhiteElo "2957"]
[BlackElo "2849"]
[TimeControl "180+1"]
[EndTime "10:29:39 PST"]
[Termination "Game drawn by repetition"]

1. e4 c6 2. c4 d5 3. cxd5 cxd5 4. exd5 Nf6 5. Qa4+ Nbd7 6. Nc3 g6 7. Bc4 Bg7 8. d3 O-O 9. Nf3 a6 10. Qa3 Nb6 11.
Qb3 Nxc4 12. dxc4 b5 13. cxb5 axb5 14. O-O Bb7 15. Rd1 Qa5 16. Bg5 b4 17. Bxf6 Bxf6 18. Ne4 Bg7 19. Neg5 h6 20. Ne4 Rfd8 21. Qe3 Bxb2 22. Rab1 Qxa2 23. Qxh6 Bg7 24. Qh4 Bxd5 25. Qxe7 b3 26. Nf6+ Bxf6 27. Qxf6 Rdb8 28. Ne5 b2 29. Nxg6 fxg6 30. Qxg6+ Kf8 31. Qd6+ Kg8 32. Qg6+ Kf8 33. h4 Bf7 34. Qh7 Qa3 35. Qh8+ Bg8 36. Qh6+ Kf7 37.
Rd7+ Ke8 38. Rbd1 b1=Q 39. Qh5+ Kf8 40. Qh6+ Ke8 41. Qh5+ Kf8 42. Qh6+ Ke8 1/2-1/2

[Event "*** Titled Tuesday Blitz"]
[Site "Chess.com"]
[Date "2020.03.03"]
[Round "8"]
[White "talman67"]
[Black "SanchezKelvin"]
[Result "0-1"]
[WhiteElo "2540"]
[BlackElo "2360"]
[TimeControl "180+1"]
[EndTime "10:29:39 PST"]
[Termination "SanchezKelvin won on time"]

1. e4 c5 2. Nf3 d6 3. d4 cxd4 4. Nxd4 Nf6 5. Nc3 g6 6. Be3 Bg7 7. f3 O-O 8. Qd2 Nc6 9. O-O-O Nxd4 10. Bxd4 Be6 11. h4 Qa5 12. a3 Rfc8 13. h5 Rab8 14. hxg6 fxg6 15. g4 b5 16. e5 dxe5 17. Qe3 b4 18.
axb4 Rxb4 19. Qxe5 Qa1+ 20. Nb1 Ba2 21. Kd2 Ne4+ 22.
Qxe4 Rxd4+ 23. Bd3 Rxe4 24. Bxe4 Bxb1 25. Rxb1 Qa5+ 26. c3 Rd8+ 27. Ke2 Qb5+ 28. Ke3 Qc5+ 29. Ke2 Qc4+ 30. Ke3 Qc5+ 31. Ke2 Qg5 32. Rbd1 e6 33. Rxd8+ Qxd8 34. Rd1 Qb6 35. b4 Bxc3 36. Rd7 Bxb4 37. Rb7 Qa6+ 38. Ke3 Bc5+ 39. Kf4 Qd6+ 40. Kg5 Be3+ 41.
Kf6 Bd4+ 42. Kg5 Qe5+ 0-1

[Event "*** Titled Tuesday Blitz"]
[Site "Chess.com"]
[Date "2020.03.03"]
[Round "8"]
[White "Rubinstein_Akiba"]
[Black "TwentyHourADay"]
[Result "0-1"]
[WhiteElo "2352"]
[BlackElo "2323"]
[TimeControl "180+1"]
[EndTime "10:29:40 PST"]
[Termination "TwentyHourADay won on time"]

1. e4 g6 2. d4 Bg7 3. Nf3 d6 4. Nc3 Nf6 5. Be2 O-O 6. O-O Nbd7 7. h3 e5 8. Be3 b6 9. b4 Bb7 10.
d5 h6 11. Bd3 Nh5 12. g3 Ndf6 13. Nd2 Qd7 14. Kg2 Nh7 15. Qg4 Qe7 16. Qe2 Bc8 17.
Rae1 Ng5 18. Rh1 Qd7 19. Bb5 Qe7 20. Nf3 Nh7 21. Nh4 Nf4+ 22. Bxf4 exf4 23. Nd1 fxg3 24. fxg3 Be5 25. Nf2 Qg5 26. Qf3 f5 27. exf5 Bxf5 28. Nxf5 Rxf5 29. Qe3 Raf8 30. Rhf1 Rf3 31.
Qxg5 Nxg5 32. Nh1 Rc3 33. Rxf8+ Kxf8 34. Re2 a5 35. Bd3 axb4 36. Bxg6 Kg7 37. Bd3 Rc5 38.
h4 Nf7 39. Be4 Rc3 40. g4 Bf4 41. Bd3 Ne5 0-1

[Event "*** Titled Tuesday Blitz"]
[Site "Chess.com"]
[Date "2020.03.03"]
[Round "8"]
[White "iturrizaga"]
[Black "rogapa"]
[Result "0-1"]
[WhiteElo "2945"]
[BlackElo "2762"]
[TimeControl "180+1"]
[EndTime "10:29:44 PST"]
[Termination "rogapa won by resignation"]

1. c4 e5 2. g3 Nc6 3. Bg2 Bc5 4. e3 a6 5. Nf3 Ba7 6. O-O d6 7. h3 Nf6 8. d4 exd4 9. exd4 O-O 10.
Nc3 h6 11. Qd3 Bd7 12. a3 Re8 13. Be3 Ne7 14. Rae1 Nf5 15. Bd2 Rxe1 16. Rxe1 Qf8 17. b4 Re8 18. Rc1 Ne7 19. Be3 Bf5 20. Qd1 Bh7 21.
g4 Ne4 22. Nd5 Nxd5 23. cxd5 Bb6 24. Nh4 Qe7 25. Nf5 Qf6 26. Qf3 Ng5 27. Qf4 Re4 28. Qxe4 Nxe4 29. Bxe4 Bxf5 30. Bxf5 Qd8 31. Kg2 g6 32. Be4 Kg7 33. Bf3 a5 34. Rc4 axb4 35. axb4 Qa8 36. Rc1 Qa3 37. Rb1 Qc3 38. b5 Qd3 39.
Rb4 f5 40. gxf5 gxf5 41. Ra4 Qxb5 42. Ra8 f4 43. Bxf4 Bxd4 44. Bg3 Be5 45. Rc8 Qc5 46. Re8 Bxg3 47. Kxg3 b5 48. Re7+ Kf8 49. Re6 b4 50. Re4 b3 51. Rf4+ Kg7 0-1

[Event "*** Titled Tuesday Blitz"]
[Site "Chess.com"]
[Date "2020.03.03"]
[Round "8"]
[White "marcodobrikov"]
[Black "RojonR"]
[Result "1-0"]
[WhiteElo "2557"]
[BlackElo "2388"]
[TimeControl "180+1"]
[EndTime "10:29:45 PST"]
[Termination "marcodobrikov won on time"]

1. e4 e5 2. Nf3 Nc6 3. Bc4 Nf6 4. Ng5 d5 5. exd5 Na5 6. Bb5+ Bd7 7.
Qe2 Be7 8. O-O O-O 9. Nc3 Bxb5 10. Qxb5 c6 11. dxc6 Nxc6 12. Qxb7 Nd4 13. Nge4 Nxc2 14. Nxf6+ Bxf6 15. Rb1 Qd3 16. Ne4 Nd4 17. Ra1 Ne2+ 18. Kh1 Rab8 19. Qc6 Rb6 20. Nxf6+ gxf6 21. Qf3 Rd8 22.
Qxd3 Rxd3 23. b3 Nxc1 24. Raxc1 Rxd2 25. Ra1 Rc6 26. Kg1 Rcc2 27. a4 Rb2 28. Rab1 Rxf2 29. Rxb2 Rxb2 30. Rxf6 Rxb3 31. Ra6 Rb7 32. Kf2 Kg7 33.
Kf3 f6 34. g4 Kg6 35. h4 h6 36. a5 Rd7 37. Ke3 Rd4 38. Kf3 Rd7 39. Rc6 Rb7 40.
a6 Rb3+ 41. Kf2 Ra3 42. Ke2 Ra4 43. Kf3 Ra5 44. Ke4 Ra4+ 45. Kf3 Rf4+ 46. Kg3 Ra4 47.
Rc7 1-0

[Event "*** Titled Tuesday Blitz"]
[Site "Chess.com"]
[Date "2020.03.03"]
[Round "8"]
[White "AlexTruskavetsky"]
[Black "HrvojeZagreb"]
[Result "0-1"]
[WhiteElo "2385"]
[BlackElo "2234"]
[TimeControl "180+1"]
[EndTime "10:29:46 PST"]
[Termination "HrvojeZagreb won on time"]

1. c4 f5 2. h3 e5 3. d4 Bb4+ 4. Bd2 Bxd2+ 5. Qxd2 d6 6. dxe5 dxe5 7. Qxd8+ Kxd8 8.
Nc3 c6 9. O-O-O+ Kc7 10. Nf3 Nd7 11. Ng5 Ngf6 12. Ne6+ Kb8 13. Nxg7 Nc5 14. b4 Nce4 15.
Nxe4 Nxe4 16. Rg1 Nxf2 17. Re1 Rg8 18. Nh5 Nxh3 19. Rh1 Nf2 20. Rh4 Rg4 21. Rh2 Rxc4+ 22. Kb2 Rxb4+ 23. Kc3 a5 24. Nf6 Ne4+ 25. Nxe4 Rxe4 26.
Rxh7 Be6 27. e3 Ka7 28. Re7 Bd5 29. a3 f4 30. Bd3 Rxe3 31. Rxe3 fxe3 32. Rxe5 Bxg2 33.
Rxe3 Bd5 34. Rg3 Kb6 35. Rg1 Rf8 36. Kd4 Rf4+ 37. Ke5 Ra4 38. Kd6 Rxa3 39. Bf5 a4 40. Bc8 Rb3 41. Rg7 Ka7 42. Kc5 a3 43. Rg1 a2 0-1